 Dungeon Crawl Stone Soup version 0.27.1 (webtiles) character file.

Game seed: 958903025068194964

909 ZARRMARR the Ducker (level 8, -1/67 HPs)
             Began as a Gnoll Monk on Aug 25, 2021.
             Was a Priest of Okawaru.
             Slain by a wyvern (18 damage)
             ... on level 5 of the Dungeon.
             The game lasted 00:14:58 (6663 turns).

ZARRMARR the Ducker (Gnoll Monk)                    Turns: 6663, Time: 00:14:59

Health: -1/67      AC:  4    Str: 12    XL:     8   Next: 8%
Magic:  10/12      EV: 15    Int: 10    God:    Okawaru [***...]
Gold:   259        SH: 15    Dex: 15    Spells: 12/12 levels left

rFire    . . .     SeeInvis .   a - +0 mace
rCold    . . .     Faith    .   k - +0 tower shield
rNeg     . . .     Spirit   .   b - +0 robe
rPois    +         Reflect  .   q - +0 helmet
rElec    .         Harm     .   (no cloak)
rCorr    +         Rampage  .   (no gloves)
Will     .....                  (no boots)
Stlth    ++++......             (no amulet)
HPRegen  0.21/turn              e - ring of poison resistance
MPRegen  0.13/turn              m - ring of resist corrosion

@: heroic
A: fangs 1, strong nose, distributed training
a: Renounce Religion, Heroism


You were on level 5 of the Dungeon.
You worshipped Okawaru.
Okawaru was most pleased with you.
You visited 2 branches of the dungeon, and saw 7 of its levels.

You collected 259 gold pieces.

Inventory:

Hand Weapons
 a - a +0 mace (weapon)
Missiles
 c - 17 poisoned darts (quivered)
 u - 2 throwing nets
Armour
 b - a +0 robe (worn)
 k - a +0 tower shield (worn)
 q - a +0 helmet (worn)
Jewellery
 e - a ring of poison resistance (left hand)
 m - a ring of resist corrosion (right hand)
Scrolls
 h - a scroll of holy word
 i - 3 scrolls of teleportation
 n - a scroll of magic mapping {unknown}
 o - a scroll of summoning {unknown}
 p - 2 scrolls of amnesia {unknown}
 t - 3 scrolls of immolation
Potions
 d - a potion of brilliance
 g - a potion of invisibility {unknown}
 j - 2 potions of ambrosia {unknown}
 l - a potion of degeneration {unknown}
 r - a potion of berserk rage {unknown}
 s - a potion of heal wounds {unknown}


   Skills:
 + Level 7.2(12.2) Fighting
 + Level 2.9(7.9) Short Blades
 + Level 2.9(7.9) Long Blades
 + Level 2.9(7.9) Axes
 + Level 7.2(12.2) Maces & Flails
 + Level 2.9(7.9) Polearms
 + Level 2.9(7.9) Staves
 + Level 2.9(7.9) Slings
 + Level 2.9(7.9) Bows
 + Level 2.9(7.9) Crossbows
 + Level 2.9(7.9) Throwing
 + Level 2.9(7.9) Armour
 + Level 7.2(12.2) Dodging
 + Level 5.1(10.1) Stealth
 + Level 2.9(7.9) Shields
 + Level 2.9(7.9) Unarmed Combat
 + Level 2.9 Spellcasting
 + Level 2.3 Conjurations
 + Level 2.3 Hexes
 + Level 2.3 Summonings
 + Level 2.3 Necromancy
 + Level 2.3 Translocations
 + Level 2.3 Transmutations
 + Level 2.3 Fire Magic
 + Level 2.3 Ice Magic
 + Level 2.3 Air Magic
 + Level 2.3 Earth Magic
 + Level 2.3 Poison Magic
 + Level 3.2 Invocations
 + Level 2.9 Evocations


You had 12 spell levels left.
You didn't know any spells.
Your spell library contained the following spells:

 Spells                   Type           Power      Damage    Failure   Level
 Frozen Ramparts          Ice            12%        1d3       96%         3
 Ice Form                 Ice/Tmut       6%         N/A       100%        4
 Summon Ice Beast         Ice/Summ       6%         N/A       100%        4


Dungeon Overview and Level Annotations

Branches:
Dungeon (6/15)             Temple (1/1) D:5

Altars:
Cheibriados
Fedhas
Gozag
Hepliaklqana
Kikubaaqudgha
Makhleb
Nemelex Xobeh
Okawaru
Qazlal
Sif Muna
Uskayaw
Wu Jian
Xom
Yredelemnul


Innate Abilities, Weirdness & Mutations

You have very sharp teeth.
Your uncanny sense of smell can sniff out nearby items.
Your experience applies equally to all skills.


Message History

You are no longer poisoned.
The wyvern bites you!
You closely miss the wyvern. The wyvern bites you!
* * * LOW HITPOINT WARNING * * *
The wyvern bites you!
* * * LOW HITPOINT WARNING * * *
Blink to where?
Press: ? - help, Dir - move target
As you read the scroll of blinking, it crumbles to dust.
There is a stone staircase leading down here.
You climb downwards.
There is a stone staircase leading up here.
You start resting.
HP restored.
You climb upwards.
The wyvern bites you but does no damage.
You block the wyvern's attack.
There is a stone staircase leading down here.
The hound barks!
You hit the wyvern.
The wyvern is lightly wounded.
You block the wyvern's attack. The wyvern bites you!
You hit the wyvern.
The wyvern is moderately wounded.
The wyvern bites you. The wyvern closely misses you.
Your shield prevents you from hitting the wyvern.
The wyvern is moderately wounded.
You block the wyvern's attack. The wyvern closely misses you.
The hound bites you.
You gain the combat prowess of a mighty hero.
The hound bites you. The wyvern bites you! The hound bites you.
You block the wyvern's attack.
You sock the wyvern!
The wyvern is heavily wounded.
The hound misses you. The wyvern bites you!
* * * LOW HITPOINT WARNING * * *
You barely miss the wyvern.
The wyvern is heavily wounded.
You block the hound's attack. The wyvern bites you!!
You die...

#........8........#
#....
#....###...###....#
#..#. #...## +#.#+
##...# ####. #..##
#.# ##..# ## #..#
##.## #..# # #..#∆
##...## ∆#..#
#..####.....####..#
#
#........hl.......#
#
#........@........#
#
###############.###
## #.# ∆ .# #.# .#
#.# .# #.##########
.# #......).... .#
############ .#


You could see a wyvern and a hound.

Vanquished Creatures
  A black bear (D:5)
  An ogre (D:5)
  A necrophage (D:5)
  2 scorpions
  A water moccasin zombie (D:5)
  A killer bee (D:5)
  A hound (D:5)
  2 jellies (D:4)
  A bullfrog skeleton (D:5)
  A scorpion zombie (D:5)
  3 iguanas
  An orc wizard (D:4)
  A gnoll (D:1)
  A howler monkey skeleton (D:5)
  6 adders
  An ufetubus (D:5)
  A dart slug (D:3)
  3 worms
  4 orcs
  6 ball pythons
  4 endoplasms
  4 giant cockroaches
  7 goblins
  8 hobgoblins
  18 jackals
  2 kobolds
  5 quokkas
  9 bats
  8 frilled lizards
  3 rats
107 creatures vanquished.

Vanquished Creatures (others)
  A centaur zombie (D:6)
  A goblin (D:3)
2 creatures vanquished.

Grand Total: 109 creatures vanquished

Notes
Turn   | Place    | Note
-------+----------+-------------------------------------------
     0 | D:1      | ZARRMARR the Gnoll Monk began the quest for the Orb.
     0 | D:1      | Reached XP level 1. HP: 23/23 MP: 1/1
   198 | D:1      | Found a faded altar of an unknown god.
   230 | D:1      | Reached XP level 2. HP: 29/29 MP: 2/2
   406 | D:1      | Reached XP level 3. HP: 32/35 MP: 3/3
   493 | D:1      | Reached skill level 1 in Invocations
  1255 | D:2      | Found a hazy altar of Hepliaklqana.
  1267 | D:2      | Reached skill level 1 in Short Blades
  1267 | D:2      | Reached skill level 1 in Long Blades
  1267 | D:2      | Reached skill level 1 in Axes
  1267 | D:2      | Reached skill level 1 in Polearms
  1267 | D:2      | Reached skill level 1 in Staves
  1267 | D:2      | Reached skill level 1 in Slings
  1267 | D:2      | Reached skill level 1 in Bows
  1267 | D:2      | Reached skill level 1 in Crossbows
  1267 | D:2      | Reached skill level 1 in Throwing
  1267 | D:2      | Reached skill level 1 in Armour
  1267 | D:2      | Reached skill level 1 in Shields
  1267 | D:2      | Reached skill level 1 in Unarmed Combat
  1267 | D:2      | Reached skill level 1 in Spellcasting
  1267 | D:2      | Reached skill level 1 in Evocations
  1314 | D:2      | Reached XP level 4. HP: 37/41 MP: 5/5
  2082 | D:3      | Reached skill level 1 in Conjurations
  2082 | D:3      | Reached skill level 1 in Hexes
  2082 | D:3      | Reached skill level 1 in Summonings
  2082 | D:3      | Reached skill level 1 in Necromancy
  2082 | D:3      | Reached skill level 1 in Translocations
  2082 | D:3      | Reached skill level 1 in Transmutations
  2082 | D:3      | Reached skill level 1 in Fire Magic
  2082 | D:3      | Reached skill level 1 in Ice Magic
  2082 | D:3      | Reached skill level 1 in Air Magic
  2082 | D:3      | Reached skill level 1 in Earth Magic
  2082 | D:3      | Reached skill level 1 in Poison Magic
  2190 | D:3      | Found a stormy altar of Qazlal.
  2291 | D:3      | Found a snail-covered altar of Cheibriados.
  2343 | D:3      | Reached XP level 5. HP: 24/47 MP: 6/6
  3708 | D:4      | Found a burning altar of Makhleb.
  3797 | D:4      | Reached XP level 6. HP: 8/53 MP: 8/8
  3810 | D:4      | HP: 1/53 [quokka (4)]
  4544 | D:5      | Entered Level 5 of the Dungeon
  4544 | D:5      | Found a staircase to the Ecumenical Temple.
  4550 | Temple   | Entered the Ecumenical Temple
  4614 | Temple   | Became a worshipper of Warmaster Okawaru
  4614 | Temple   | Reached * piety under Okawaru
  4614 | Temple   | Reached ** piety under Okawaru
  4920 | D:5      | Reached XP level 7. HP: 59/59 MP: 10/10
  5904 | D:5      | Reached skill level 5 in Stealth
  6243 | D:5      | Found an opulent altar of Gozag.
  6322 | D:5      | Reached *** piety under Okawaru
  6323 | D:5      | Reached XP level 8. HP: 64/67 MP: 12/12
  6344 | D:5      | Noticed a wyvern
  6354 | D:5      | HP: 3/67 [wyvern (13)]
  6663 | D:5      | Slain by a wyvern

Illustrated notes

Levels and vault maps discovered:
D:1:      evilmike_arrival_plus, layout_loops_ring,
          shapermc_ecumenical_altar_petra, st_stairs_12
D:2:      layout_loops_ring, basic_altar
D:3:      layout_loops_ring, mainiacjoe_overflow_surrounded_room,
          grunt_qazlal_clouds, amcnicky_mini_corridor_feature,
          grunt_ministairs_11, bh_walls_and_bars
D:4:      layout_rooms, mainiacjoe_overflow_concentric_impassable,
          chequers_arboretum
D:5:      cheibrodos_barr_body, layout_basic, grunt_gozag_statues,
          minmay_temple_entry_gardened_gates, dk_rats_in_the_wall
D:6:      layout_basic, fiery_altar_vehumet, lemuel_coloured_pillars_altar,
          serial_shops, nicolae_take_the_stairs, nicolae_inconvenience_store,
          nicolae_shop_overgrown_old_shop, nicolae_shop_behind_doors,
          kennysheep_little_box
Temple:   jpeg_temple_island

Skill      XL: |  1  2  3  4  5  6  7 |
---------------+----------------------+-----
Invocations    | 1 2 3 |  3.2
Short Blades   | 1 2 |  2.9
Long Blades    | 1 2 |  2.9
Axes           | 1 2 |  2.9
Polearms       | 1 2 |  2.9
Staves         | 1 2 |  2.9
Slings         | 1 2 |  2.9
Bows           | 1 2 |  2.9
Crossbows      | 1 2 |  2.9
Throwing       | 1 2 |  2.9
Armour         | 1 2 |  2.9
Shields        | 1 2 |  2.9
Unarmed Combat | 1 2 |  2.9
Spellcasting   | 1 2 |  2.9
Evocations     | 1 2 |  2.9
Conjurations   | 1 2 |  2.3
Hexes          | 1 2 |  2.3
Summonings     | 1 2 |  2.3
Necromancy     | 1 2 |  2.3
Translocations | 1 2 |  2.3
Transmutations | 1 2 |  2.3
Fire Magic     | 1 2 |  2.3
Ice Magic      | 1 2 |  2.3
Air Magic      | 1 2 |  2.3
Earth Magic    | 1 2 |  2.3
Poison Magic   | 1 2 |  2.3
Fighting       | 7 |  7.2
Maces & Flails | 7 |  7.2
Dodging        | 7 |  7.2
Stealth        | 5 |  5.1

Action                   |  1- 3 |  4- 6 |  7- 9 || total
-------------------------+-------+-------+-------++-------
Melee: Mace              |   106 |   243 |    99 ||   448
       Punch             |     1 |     1 |       ||     2
       Bite              |     3 |    17 |    10 ||    30
Throw: Dart              |       |    15 |     7 ||    22
Invok: Heroism           |       |     1 |     3 ||     4
  Use: Scroll            |     1 |     5 |     2 ||     8
 Stab: Sleeping          |     8 |    12 |     2 ||    22
Armor: Robe              |    44 |    33 |    20 ||    97
Dodge: Dodged            |   113 |   141 |    60 ||   314
Block: Tower shield      |       |   152 |    87 ||   239
